 Dungeon Crawl Stone Soup version 0.31.0-1-g2c135a008e (webtiles) character file.

Game seed: 3524937826605280783

72 qw the Shooter (level 4, -1/35 HPs)
             Began as a Djinni Hunter on Jan 23, 2024.
             Slain by Sigmund
             ... wielding a +2 vampiric scythe
              (5 damage)
             ... on level 2 of the Dungeon.
             The game lasted 00:00:05 (1682 turns).

qw the Shooter (Djinni Hunter)                      Turns: 1682, Time: 00:00:06

Health: -1/35      AC:  3    Str: 10    XL:     4   Next: 48%
Gold:   63         EV: 12    Int: 10    God:
                   SH:  0    Dex: 19

rFire   + + .        a - +0 shortbow
rCold   x . .        (shield currently unavailable)
rNeg    . . .        c - +0 leather armour
rPois   inf          (no helmet)
rElec   .            (no cloak)
rCorr   .            (no gloves)
SInv    .            (boots unavailable)
Will    .....        (no amulet)
Stlth   ++           (no ring)
HPRegen 0.25/turn    (no ring)
MPRegen 0.00/turn

%: infuse magic (-2 HP)
@: flying
A: sickness immunity, fire resistance 2, cold vulnerability 1, float, innate
caster, HP casting, extra vitality 1
a: no special abilities


You were on level 2 of the Dungeon.
You visited 1 branch of the dungeon, and saw 2 of its levels.

You collected 63 gold pieces.


Innate Abilities, Weirdness & Mutations

You are immune to sickness and miasma.
You are immune to poison.
Your flesh is very heat resistant. (rF++)
You are vulnerable to cold. (rC-)
You float through the air rather than walking.
You learn spells naturally, not from books.
Your magical power is your life essence.
You have superior vitality. (+4 MHP)


   Skills:
 - Level 3.0 Fighting
 - Level 4.0 Ranged Weapons
 + Level 2.7 Dodging
 - Level 0.7 Stealth


You knew the following spells:

 Your Spells              Type           Power      Damage    Failure   Level
a - Magic Dart            Conj           0%         1d3       45%         1
Your spell library was empty.

Inventory:

Hand Weapons
 a - a +0 shortbow (weapon)
Armour
 c - a +0 leather armour (worn)
 e - a +0 ring mail
Scrolls
 b - a scroll of torment {unknown}
Potions
 d - a potion of curing {unknown}

Dungeon Overview and Level Annotations

Branches:
Dungeon (2/15)

Altars:

Annotations:
D:2 Sigmund


Message History

You shoot an arrow. The arrow barely misses Sigmund.
Sigmund misses you.
You shoot an arrow. The arrow hits Sigmund.
Sigmund is heavily wounded.
Sigmund barely misses you.
You shoot an arrow. The arrow barely misses Sigmund.
Sigmund hits you from afar with a +2 vampiric scythe!
You shoot an arrow.
The arrow hits Sigmund but does no damage.
Sigmund is heavily wounded.
Sigmund gestures wildly while chanting.
Sigmund flickers and vanishes!
Deactivating autopickup; reactivate with Ctrl-A.
You shoot an arrow. Something hits you.
You shoot an arrow. Something hits you!
You shoot an arrow. You shoot an arrow. Something hits you but does no damage.
You shoot an arrow. Something hits you!
You shoot an arrow. Something barely misses you.
You shoot an arrow. Something hits you.
You shoot an arrow.
A hobgoblin comes into view.
You shoot an arrow. The hobgoblin shouts!
The arrow hits the hobgoblin.
The hobgoblin is almost dead.
Something hits you.
You shoot an arrow.
You hear some strange, mumbled words.
A puff of flame appears from out of thin air!
The puff of flame misses you.
You shoot an arrow. Something hits you.
You die...

...(...##.............
...###.....<..........
...# #.#..............
...###...............
..................#
.).###.#........###
...# #.#........# ...#
#.##...###.## ...#
#.##...# #.@# ...#
######## ##'# #'##
.{.. #.# #...... ..#
#........ ####
#.....### ...# #.....#
...# #......
...########


There were no monsters in sight!

Vanquished Creatures
  2 adders (D:2)
  A gnoll (D:1)
  3 ribbon worms
  2 bats (D:1)
  4 endoplasms
  4 goblins
  6 hobgoblins
  4 kobolds
  A quokka (D:2)
  2 ball pythons
  2 frilled lizards (D:1)
  4 rats (D:2)
35 creatures vanquished.

Notes
Turn   | Place    | Note
-------+----------+-------------------------------------------
     0 | D:1      | qw the Djinni Hunter began the quest for the Orb.
     0 | D:1      | Reached XP level 1. HP: 18/18 MP: 0/0
     0 | D:1      | 0 ||| qw: Version: 0.3-a-136-gdd3b4e8
     0 | D:1      | 0 ||| qw: Game counter: 1028
     0 | D:1      | 0 ||| qw: Melee chars always use a shield: true
     0 | D:1      | 0 ||| qw: God list: Okawaru
     0 | D:1      | 0 ||| qw: Allow faded altars: false
     0 | D:1      | 0 ||| qw: Do Orc after clearing Dungeon:15 true
     0 | D:1      | 0 ||| qw: Do second Lair branch before Depths: true
     0 | D:1      | 0 ||| qw: Lair rune preference: random
     0 | D:1      | 0 ||| qw: Goals: Normal
     0 | D:1      | 0 ||| PLANNING D:1-11
    50 | D:1      | HP: 4/18 [hobgoblin (2)]
   122 | D:1      | Reached XP level 2. HP: 20/23 MP: 0/0
   441 | D:1      | HP: 1/23 [gnoll/+0 club (8)]
   444 | D:1      | Reached skill level 4 in Ranged Weapons
   444 | D:1      | Reached XP level 3. HP: 2/28 MP: 0/0
   444 | D:1      | Learned a level 1 spell: Magic Dart
   997 | D:1      | 997 ||| READING scroll labelled LULEMASETH.
   997 | D:1      | 997 ||| ENCHANTING +0 shortbow.
   998 | D:1      | 998 ||| READING 2 scrolls labelled PYMASUA VOITZ.
   998 | D:1      | 998 ||| IDENTIFYING fuming puce potion
   999 | D:1      | 999 ||| READING scroll of identify.
   999 | D:1      | 999 ||| IDENTIFYING viscous pink potion
  1000 | D:1      | 1000 ||| READING scroll labelled UCUZEOGYPH.
  1004 | D:1      | 1004 ||| DROPPING scroll of butterflies.
  1005 | D:1      | 1005 ||| DROPPING potion of berserk rage.
  1006 | D:1      | 1006 ||| DROPPING potion of lignification.
  1014 | D:2      | 1014 ||| STAIRDANCE
  1087 | D:2      | 1087 ||| STAIRDANCE
  1348 | D:2      | Reached XP level 4. HP: 29/34 MP: 0/0
  1405 | D:2      | Reached skill level 3 in Fighting
  1434 | D:2      | HP: 7/35 [ribbon worm (5)]
  1665 | D:2      | Noticed Sigmund
  1676 | D:2      | HP: 7/35 [something (9)]
  1680 | D:2      | HP: 3/35 [something (2)]
  1682 | D:2      | Slain by Sigmund

Levels and vault maps discovered:
D:1:      lemuel_arrival_river_ford, layout_basic
D:2:      layout_basic, dreamdust_ecumenical_altar_statues,
          minmay_close_crescents, uniq_sigmund

Skill      XL: |  1  2  3  4 |
---------------+-------------+-----
Ranged Weapons | 4 |  4.0
Fighting       | 3 |  3.0
Dodging        | |  2.7
Stealth        | |  0.7

Action                     |  1- 3 |  4- 6 || total
---------------------------+-------+-------++-------
   Fire: Shortbow          |   103 |    45 ||   148
    Use: Scroll            |     4 |       ||     4
 Armour: Leather armour    |    47 |    29 ||    76
  Dodge: Dodged            |    34 |    11 ||    45

Table legend:
 A = Non-vault XP
 B = Vault XP
 C = Vault XP percentage of total XP
 D = Non-vault monster count
 E = Vault monster count
 F = Vault count percentage of total count
                 A         B        C        D         E       F
            +---------+---------+-------+---------+---------+-------
      Total |      80 |      23 |  22.3 |      30 |       5 |  14.3
            +---------+---------+-------+---------+---------+-------
        D:1 |      43 |       0 |   0.0 |      16 |       0 |   0.0
        D:2 |      37 |      23 |  38.3 |      14 |       5 |  26.3
            +---------+---------+-------+---------+---------+-------
